 Dungeon Crawl Stone Soup version 0.17-a0-1718-g72dbe4d (webtiles) character file.

1531343 Zooty the Imperceptible (level 27, 254/254 HPs)
             Began as a Minotaur Wizard on Aug 19, 2015.
             Was the Champion of Dithmenos.
             Escaped with the Orb
             ... and 3 runes on Aug 24, 2015!
             The game lasted 05:23:52 (99017 turns).

Zooty the Imperceptible (Minotaur Wizard)          Turns: 99017, Time: 05:23:52

Health: 254/254    AC: 51    Str: 22    XL:     27
Magic:  31/31      EV: 22    Int: 18    God:    Dithmenos [******]
Gold:   7447       SH:  0    Dex: 18    Spells: 8 memorised, 14 levels left

rFire  + . .     SeeInvis .     a - +9 great mace (freeze)
rCold  + . .     Clarity  .     S - +12 crystal plate armour "Ficusch" {rC+ Dex+4}
rNeg   . . .     SustAt   .     (no shield)
rPois  +         Gourm    .     K - +2 hat {Int+3}
rElec  +         Spirit   .     E - +2 cloak {MR+}
rCorr  .         Warding  .     P - +2 pair of gloves
rMut   +         Stasis   .     j - +2 pair of boots
MR     +++..                    N - amulet of resist mutation
Stlth  +.........               H - ring of Elyvilon's Envy {rElec rPois rF+ Stlth+}
                                J - ring of Shaolin {EV+8}

@: wreathed by umbra, extremely resistant to hostile enchantments, very
unstealthy
A: retaliatory headbutt, horns 2, agile 1
a: Shadow Step, Shadow Form, Renounce Religion
0: Orb of Zot
}: 3/15 runes: barnacled, abyssal, gossamer


You escaped.
You worshipped Dithmenos.
Dithmenos was exalted by your worship.
You were full.

You visited 10 branches of the dungeon, and saw 55 of its levels.
You visited the Abyss 2 times.
You visited 1 bazaar.
You visited 1 ziggurat, and saw 6 of its levels.
You also visited: Ice Cave.

You collected 9355 gold pieces.
You spent 1908 gold pieces at shops.

Inventory:

Hand weapons
 a - a +9 great mace of freezing (weapon)
 b - a +0 blowgun
Missiles
 h - 7 javelins of penetration
 v - 13 throwing nets
 I - 45 javelins (quivered)
 U - 29 curare-tipped needles
Armour
 j - a +2 pair of boots (worn)
 E - a +2 cloak of magic resistance (worn)
 K - a +2 hat of intelligence (worn)
 P - a +2 pair of gloves (worn)
 S - the +12 crystal plate armour "Ficusch" (worn) {rC+ Dex+4}
   (You found it on level 3 of the Depths)

   It affects your dexterity (+4).
   It protects you from cold.
Rods
 c - a +9 rod of inaccuracy (10/10)
   (You found it on level 2 of the Depths)
 d - a +4 lightning rod (9/9)
   (You took it off a deep elf death mage on level 3 of the Elven Halls)
Jewellery
 H - the ring of Elyvilon's Envy (right hand) {rElec rPois rF+ Stlth+}
   (You found it on level 4 of the Vaults)

   [ring of stealth]

   It protects you from fire.
   It insulates you from electricity.
   It protects you from poison.
   It makes you more stealthy.
 J - the ring of Shaolin (left hand) {EV+8}
   (You found it on level 6 of a ziggurat)

   [ring of evasion]

   It affects your evasion (+8).
 N - an amulet of resist mutation (around neck)
Magical devices
 i - a wand of digging (8)
 k - a wand of hasting (1)
 m - a wand of disintegration (11)
 B - a wand of invisibility (3)
 F - a wand of disintegration (12)
 T - a wand of teleportation (2)
 Y - a wand of heal wounds (3)
 Z - a wand of digging (11)
Scrolls
 l - 2 scrolls of summoning
 o - 31 scrolls of remove curse
 q - 4 scrolls of recharging
 s - 5 scrolls of teleportation
 x - 4 scrolls of fog
 M - 6 scrolls of identify
 V - 3 scrolls of blinking
 W - 8 scrolls of fear
Potions
 e - 8 potions of haste
 f - 6 potions of brilliance
 g - 7 potions of might
 n - 7 potions of agility
 u - 25 potions of curing
 w - 5 potions of magic
 C - 11 potions of heal wounds
 G - a potion of resistance
 L - 2 potions of invisibility
 R - a potion of cancellation
Miscellaneous
 r - a legendary deck of changes {Wild Magic, drawn: 1}
 z - a sack of spiders {used: 6}
 D - 2 phantom mirrors
 O - a phial of floods
 X - a fan of gales
Comestibles
 p - 16 beef jerkies
 t - 6 chunks of flesh
 A - 12 bread rations
 Q - 9 slices of pizza


   Skills:
 - Level 22.0 Fighting
 - Level 20.0 Maces & Flails
 - Level 18.3 Throwing
 + Level 19.0 Armour
 + Level 17.0 Dodging
 - Level 22.0 Stealth
 - Level 6.1 Spellcasting
   Level 0.6 Conjurations
 - Level 7.0 Charms
 - Level 0.6 Summonings
 - Level 10.1 Translocations
 - Level 8.1 Air Magic
 - Level 11.1 Invocations
 - Level 10.0 Evocations


You had 14 spell levels left.
You knew the following spells:

 Your Spells              Type           Power        Failure   Level  Hunger
b - Blink                 Tloc           N/A          10%         2    None
c - Repel Missiles        Chrm/Air       ####..       21%         2    None
d - Call Imp              Summ           #.......     100%        2    None
e - Apportation           Tloc           #####.....   4%          1    None
f - Stoneskin             Trmt/Erth      #.......     100%        2    None
g - Regeneration          Chrm/Necr      ###.......   99%         3    ##.....
h - Haste                 Chrm           ####....     100%        6    #######
i - Deflect Missiles      Chrm/Air       ####......   100%        6    #######


Dungeon Overview and Level Annotations

Branches:
Dungeon (15/15)            Temple (0/1) D:6            Lair (8/8) D:8
 Shoals (4/4) Lair:6       Spider (4/4) Lair:6        Slime (0/6) Lair:7
    Orc (4/4) D:12            Elf (3/3) Orc:4        Vaults (4/5) D:14
  Crypt (3/3) Vaults:3       Tomb (0/3) Crypt:3      Depths (5/5) D:15
    Zot (5/5) Depths:5

Altars:
Ashenzari
Dithmenos
Elyvilon
Fedhas
Gozag
Kikubaaqudgha
Nemelex Xobeh
Qazlal
Sif Muna
Yredelemnul
Zin
Beogh

Shops:
Orc:1 }   Orc:4 (:[*   Elf:1 :   Shoals:1 [   Vaults:1 }   Vaults:3 *
Depths:4 [

Portals:
Hell: Depths:1 Depths:2 Depths:3 Depths:4 Depths:5
Abyss: Depths:4
Pandemonium: Depths:3

Annotations:
D:8 emiel's ghost, experienced FeEn
Lair:6 exclusion: oklob plant
Shoals:2 Polyphemus
Shoals:4 Mara
Crypt:2 Mennas


Innate Abilities, Weirdness & Mutations

You reflexively headbutt those who attack you in melee.
You have a pair of horns on your head.
You are agile. (Dex +2)


Message History

The hellwing is moderately wounded.
The hellwing hits you but does no damage.
The hellwing misses you.
You bludgeon the hellwing!! You freeze the hellwing. You headbutt the hellwing.
You kill the hellwing!
Dithmenos accepts your kill.
Your Armour skill increases to level 19!
No target in view!
No target in view!
(D) Dungeon (T) Temple (L) Lair (A) Shoals (N) Spider Nest (M) Slime Pits (O) Orcish Mines (E) Elven Halls (V) Vaults (C) Crypt (W) Tomb (U) Depths (H) Hell (Z) Zot
Where to? (Enter - D:1 @ (x,y), ? - help)
There is a stone staircase leading up here.
You climb upwards.
HP restored.
There is a stone staircase leading down here.
A giant newt comes into view.
There is a staircase leading out of the dungeon here.
You have escaped!

##..........#........##.###......
##...............................
#.....................#..##.....#
#.................>.........##.##
#.....###...###...###......#####
##....#.............#......##
.)....#.............##......#
#.....l..###...###...#...#..##
#........#....l.@#...#...#...##
.........#.......#.........#..###
.....##.............#............
.>##.##......#......#.....#.#.###
..##.##.............#.....#.#.#
...#.#...#.......#........#.#.##
##.......#>......#.............##
##.......###...###..............#
##.##.#.............#...........#


You could see a giant newt.

Vanquished Creatures
  4 ancient liches
  5 orbs of fire
  Boris (twice) (Vaults:2 Vaults:3)
  Saint Roka (Orc:4)
  3 Killer Klowns
  Nikola (Spider:4)
  9 golden dragons
  A profane servitor (Crypt:3)
  Jory (Crypt:3)
  9 bone dragons
  Arachne (Spider:2)
  A pandemonium lord (Zot:5)
  3 electric golems (Zot:5)
  2 hellephants
  Rupert (Orc:2)
  10 tentacled monstrosities
  A Hell Sentinel (Abyss:2)
  24 Orb Guardians
  Asterion (Spider:2)
  7 deep elf blademasters
  5 liches
  A titan (Depths:4)
  A sphinx (Depths:2)
  A kraken (Abyss:3)
  2 octopode crushers (Depths:5)
  Gastronok (D:11)
  17 tentacled starspawn
  6 shadow dragons
  An Executioner (Abyss:3)
  8 death cobs
  14 storm dragons
  2 ancient champions (Crypt:3)
  2 tengu reavers (Depths:3)
  Roxanne (Spider:1)
  7 draconian monks
  Ilsuiw (Shoals:4)
  2 revenants
  Wiglaf (Vaults:4)
  5 ghost moths
  13 vault wardens
  9 fire giants
  10 deep elf sorcerers
  3 draconian knights
  3 iron dragons
  5 frost giants
  An orc warlord (Orc:4)
  A cacodemon (Zot:5)
  4 draconian scorchers
  Aizul (Spider:2)
  9 draconian zealots
  A curse skull (Crypt:1)
  5 ghouls
  3 balrugs
  A reaper (Abyss:3)
  A spriggan defender (Depths:5)
  5 draconian shifters
  13 emperor scorpions
  3 draconian annihilators
  5 ironheart preservers
  19 stone giants
  2 vampire knights (Depths:4)
  8 very ugly things
  3 draconian callers
  4 green draconians
  Nessos (Lair:8)
  6 deep elf demonologists
  9 black draconians
  6 yellow draconians
  10 deep elf annihilators
  23 starcursed masses
  12 white draconians
  2 salamander stormcallers
  6 mottled draconians
  10 purple draconians
  5 dire elephants
  10 red draconians
  A lorocyproca (Depths:3)
  2 blizzard demons
  10 deep elf death magi
  5 merfolk javelineers
  3 eidola
  24 jiangshi
  A green death (Abyss:3)
  A crystal guardian (Abyss:3)
  10 great orbs of eyes
  12 ettins
  9 merfolk impalers
  24 fire dragons
  A minotaur (shapeshifter) (Depths:3)
  6 vault guards
  6 deep elf high priests
  8 entropy weavers
  A naga warrior (Zig:1)
  7 rakshasas
  Harold (Orc:3)
  5 hydras
  17 ice dragons
  A ghost crab (Abyss:3)
  An anaconda (Lair:8)
  A satyr (Shoals:4)
  A monstrous demonspawn (Depths:3)
  13 yaktaur captains
  6 spriggan air magi
  4 death knights
  A hell beast (D:5)
  8 centaur warriors
  2 catoblepae
  2 merfolk avatars
  10 death yaks
  2 merfolk aquamancers (Shoals:4)
  An alligator snapping turtle (Shoals:4)
  17 dancing weapons
  15 thrashing horrors
  A shock serpent (Zig:1)
  7 tengu warriors
  2 hell hogs (Depths:2)
  8 ogre magi
  7 deep troll shamans
  21 deep elf knights
  An alligator (Zig:4)
  2 deep troll earth magi
  4 vampire magi
  Urug (Orc:2)
  2 spriggan berserkers
  An orc high priest (Orc:4)
  3 sun demons
  A soul eater (Zig:3)
  Nergalle (Lair:2)
  A fire crab (Abyss:3)
  14 iron trolls
  13 wretched stars
  3 shadow wraiths
  3 spatial maelstroms
  34 skeletal warriors
  14 hell knights
  A salamander mystic (Depths:4)
  3 giant orange brains
  8 sea snakes
  A swamp dragon (Zig:4)
  4 flayed ghosts
  5 unseen horrors
  6 deep elf summoners
  20 deep trolls
  A wizard (Depths:4)
  An anaconda zombie (Abyss:3)
  2 shadow demons (Zig:3)
  3 hill giants
  20 ironbrand convokers
  13 deep elf conjurers
  18 orc knights
  A lindwurm (Lair:8)
  A shambling mangrove (Zig:4)
  5 phantasmal warriors
  19 orb spiders
  2 wolf spider zombies
  10 orc sorcerers
  A tengu zombie (Vaults:2)
  An orb spider (shapeshifter) (Vaults:3)
  9 griffons
  15 necromancers
  14 fauns
  28 wolf spiders
  2 fire giant zombies
  6 worldbinders
  22 harpies
  4 salamanders (Depths:4)
  12 manticores
  60 ugly things
  2 stone giant zombies (Abyss:3)
  A shadow dragon skeleton (Crypt:1)
  6 sixfirhies
  9 cyclopes
  A sphinx skeleton (Vaults:2)
  19 moths of wrath
  6 hornets
  4 water nymphs
  A toenail golem (Abyss:3)
  9 sirens
  8 spiny frogs
  25 elephants
  20 vault sentinels
  4 apocalypse crabs
  4 black mambas
  5 orange demons
  A moth of wrath (shapeshifter) (Depths:5)
  6 centaur skeletons
  2 torpor snails (Spider:1)
  Psyche (D:8)
  13 smoke demons
  A storm dragon simulacrum (Abyss:2)
  A hellion (Abyss:3)
  8 komodo dragons
  An efreet (Abyss:3)
  18 deep elf priests
  49 yaktaurs
  12 freezing wraiths
  5 kobold demonologists
  9 ancient zymes
  5 hellwings
  7 trolls
  2 human skeletons (Vaults:2)
  18 demonic crawlers
  19 two-headed ogres
  29 jumping spiders
  A komodo dragon (shapeshifter) (Vaults:3)
  2 yaktaurs (shapeshifter)
  2 blue devils
  A wolf spider simulacrum (Crypt:3)
  6 snapping turtles
  4 wind drakes
  A troll (shapeshifter) (Vaults:1)
  22 merfolk
  4 tengu conjurers
  5 fire drakes
  2 blink frogs (shapeshifter)
  A two-headed ogre (shapeshifter) (Abyss:3)
  A hydra skeleton (Crypt:1)
  An ice dragon zombie (Crypt:1)
  A bog body (Zig:4)
  25 blink frogs
  4 boulder beetles
  34 raiju
  15 air elementals
  An ettin zombie (Abyss:1)
  19 trapdoor spiders
  A sphinx simulacrum (Vaults:1)
  2 frost giant simulacra
  A snapping turtle (shapeshifter) (Elf:3)
  10 water elementals
  58 flying skulls
  20 slime creatures
  28 tarantellas
  55 redbacks
  31 deep elf magi
  An ice dragon skeleton (Abyss:3)
  3 spriggans (Depths:5)
  4 shadows
  A trapdoor spider (shapeshifter) (Depths:2)
  2 spriggans (shapeshifter)
  54 yaks
  An ettin skeleton (Crypt:1)
  11 wraiths
  2 wyverns
  A wyvern (shapeshifter) (Depths:2)
  4 vampires (Crypt:3)
  A fire bat (Abyss:3)
  2 human simulacra
  8 neqoxecs
  3 basilisks
  39 deep elf fighters
  5 hungry ghosts
  7 ynoxinuls
  3 mottled dragons
  A steam dragon (D:10)
  7 vampire mosquitoes
  A naga (shapeshifter) (Vaults:2)
  11 hippogriffs
  A golden eye (Abyss:3)
  The ghost of emiel the Sneak, an average OpWn (D:4)
  A dire elephant simulacrum (Abyss:3)
  A soldier ant (D:15)
  15 wolves
  12 insubstantial wisps
  A spatial vortex (Abyss:3)
  6 wargs
  15 water moccasins
  A porcupine (shapeshifter) (Depths:3)
  39 large abominations
  2 soldier ants (shapeshifter)
  39 spiders
  A warg (shapeshifter) (Abyss:3)
  8 hell hounds
  43 orc warriors
  3 porcupines
  2 swamp drakes (Zig:4)
  An eye of draining (shapeshifter) (Depths:4)
  4 phantoms
  11 ice beasts
  A human zombie (Vaults:2)
  9 wasps
  A black bear (shapeshifter) (Vaults:2)
  6 eyes of draining
  6 sky beasts
  38 small abominations
  32 ogres
  A blink frog skeleton (Crypt:1)
  17 crocodiles
  5 necrophages
  20 centaurs
  5 brain worms
  A big kobold (shapeshifter) (Depths:5)
  4 big kobolds
  A vine stalker skeleton (Crypt:1)
  A deep troll simulacrum (Vaults:2)
  26 giant frogs
  13 scorpions
  A wyvern skeleton (D:7)
  13 wights
  An electric eel (Spider:3)
  A snapping turtle simulacrum (Crypt:3)
  15 killer bees
  8 crimson imps
  3 centaur zombies
  2 giant frog zombies
  7 quasits
  9 iron imps
  30 orc priests
  9 hounds
  A giant frog skeleton (D:8)
  14 jellies
  39 orc wizards
  Natasha (thrice) (D:3)
  8 iguanas
  15 worker ants
  A yak simulacrum (Lair:5)
  4 polar bear simulacra (Lair:5)
  8 sheep
  3 wolf simulacra (Lair:5)
  A sky beast zombie (Crypt:1)
  A felid zombie (Crypt:1)
  2 hound zombies
  8 gnolls
  4 shadow imps
  6 adders
  30 river rats
  5 white imps
  6 ufetubi
  2 oozes (Lair:7)
  3 worms
  An adder zombie (D:5)
  A worm zombie (Crypt:1)
  A halfling skeleton (Crypt:1)
  6 giant geckos
  224 orcs
  5 bats (D:1)
  7 giant cockroaches
  5 goblins
  4 hobgoblins
  3 jackals (D:11)
  28 kobolds
  8 quokkas
  3 ball pythons
  A giant gecko skeleton (D:5)
  4 giant newts
  A goblin zombie (Crypt:2)
  A hobgoblin skeleton (Crypt:2)
  2 jackal skeletons
  A jackal zombie (D:8)
  A kobold skeleton (Crypt:2)
  An orc zombie (Crypt:2)
  A quokka skeleton (D:4)
  A quokka zombie (D:5)
  8 rats
  A rat skeleton (Crypt:1)
  3 river rat simulacra (Lair:5)
  4 crawling corpses (Elf:3)
  A fungus (Spider:1)
  A lost soul (Crypt:3)
  6 plants
  10 starspawn tentacles
  4 tentacles (Abyss:3)
2964 creatures vanquished.

Vanquished Creatures (collateral kills)
  Norris (Vaults:1)
  A death cob (Zot:5)
  An octopode crusher (Depths:5)
  A vault warden (Vaults:2)
  An ironheart preserver (Vaults:2)
  An ophan (Abyss:3)
  A dire elephant (Lair:8)
  A vault guard (Vaults:2)
  An ettin (Depths:2)
  A blizzard demon (Abyss:3)
  A merfolk avatar (Shoals:3)
  A sea snake (Shoals:3)
  2 manticores
  The ghost of emiel the Covert, an experienced FeEn of Cheibriados (D:11)
  A komodo dragon (Lair:8)
  A merfolk (Shoals:4)
  2 neqoxecs
  An ogre (Vaults:4)
  An orc warrior (Orc:4)
  A small abomination (Abyss:3)
  An orc (Orc:4)
23 creatures vanquished.

Vanquished Creatures (others)
  A fire giant (Depths:3)
  A merfolk impaler (Depths:5)
  A deep elf high priest (Elf:3)
  A merfolk aquamancer (Shoals:4)
  A sun demon (Abyss:4)
  2 deep elf knights
  A deep elf conjurer (Elf:1)
  An ugly thing (Vaults:3)
  A flying skull (Abyss:2)
  A wraith (Abyss:2)
  A vampire (Abyss:4)
  A large abomination (Abyss:3)
  2 white imps
  45 fungi
  3 lost souls
  4 lurking horrors
  27 plants
  28 starspawn tentacles
  562 starspawn tentacle segments
  7 tentacles (Abyss:3)
  929 tentacle segments (Abyss:3)
1620 creatures vanquished.

Grand Total: 4607 creatures vanquished

Notes
Turn   | Place    | Note
--------------------------------------------------------------
     0 | D:1      | Zooty the Minotaur Wizard began the quest for the Orb.
     0 | D:1      | Reached XP level 1. HP: 14/14 MP: 2/2
   415 | D:1      | Reached skill level 1 in Fighting
   457 | D:1      | Reached XP level 2. HP: 23/23 MP: 0/4
   557 | D:1      | Learned a level 2 spell: Blink
   560 | D:1      | Learned a level 2 spell: Repel Missiles
   929 | D:2      | Noticed Natasha
   930 | D:2      | Reached skill level 3 in Dodging
  1428 | D:2      | Found a faded altar to an unknown god.
  1438 | D:2      | Became a worshipper of Dithmenos the Shadowed
  1876 | D:3      | Reached skill level 1 in Maces & Flails
  1986 | D:3      | Reached XP level 3. HP: 28/28 MP: 3/5
  2537 | D:3      | Killed Natasha
  2537 | D:3      | Reached XP level 4. HP: 22/35 MP: 6/6
  2948 | D:2      | Found a blossoming altar of Fedhas.
  3091 | D:3      | Noticed Natasha
  3103 | D:3      | Killed Natasha
  3180 | D:3      | Noticed Natasha
  3320 | D:4      | Reached skill level 4 in Maces & Flails
  3360 | D:3      | Killed Natasha
  3727 | D:4      | Reached skill level 5 in Maces & Flails
  3727 | D:4      | Reached XP level 5. HP: 40/40 MP: 7/7
  4158 | D:4      | Noticed emiel's ghost (average OpWn)
  4246 | D:4      | Reached skill level 6 in Maces & Flails
  4246 | D:4      | Reached XP level 6. HP: 43/47 MP: 8/8
  4431 | D:4      | Found a shattered altar of Ashenzari.
  4883 | D:3      | Learned a level 2 spell: Call Imp
  5023 | D:5      | Entered Level 5 of the Dungeon
  5028 | D:5      | Reached skill level 7 in Maces & Flails
  5157 | D:5      | Found a basalt altar of Yredelemnul.
  5224 | D:4      | Acquired Dithmenos's first power
  5612 | D:5      | Reached skill level 8 in Maces & Flails
  5979 | D:5      | Reached XP level 7. HP: 46/52 MP: 9/9
  5981 | D:5      | Reached skill level 1 in Armour
  6224 | D:6      | Found a staircase to the Ecumenical Temple.
  6700 | D:6      | Noticed a yak
  6700 | D:6      | Noticed a yak
  6703 | D:6      | Noticed a yak
  6725 | D:6      | Killed a yak
  6725 | D:6      | Reached skill level 5 in Armour
  6861 | D:6      | Killed a yak
  6994 | D:6      | Reached XP level 8. HP: 46/59 MP: 10/10
  7048 | D:6      | Killed a yak
  7697 | D:7      | Reached skill level 9 in Armour
  7985 | D:6      | Acquired Dithmenos's second power
  8299 | D:7      | Found a glowing silver altar of Zin.
  8512 | D:7      | Reached XP level 9. HP: 39/72 MP: 11/11
  8806 | D:7      | Reached skill level 5 in Fighting
  8922 | D:7      | Reached skill level 10 in Maces & Flails
  9078 | D:7      | Reached skill level 11 in Maces & Flails
  9370 | D:8      | Reached skill level 1 in Throwing
  9507 | D:8      | Noticed Psyche
  9531 | D:8      | Killed Psyche
  9543 | D:8      | Noticed a fire drake
  9891 | D:8      | Found a staircase to the Lair.
  9984 | D:8      | Killed a fire drake
  9984 | D:8      | Reached skill level 12 in Maces & Flails
 10106 | D:8      | Noticed emiel's ghost (experienced FeEn)
 10187 | D:7      | Reached XP level 10. HP: 66/81 MP: 12/12
 10413 | Lair:1   | Entered Level 1 of the Lair of Beasts
 10461 | D:8      | Reached skill level 13 in Maces & Flails
 11498 | Lair:1   | Reached skill level 14 in Maces & Flails
 11765 | Lair:1   | Noticed a fire dragon
 11787 | Lair:1   | Killed a fire dragon
 11917 | Lair:1   | Gained mutation: You have a pair of large horns on your head. [potion of beneficial mutation]
 12621 | D:9      | Found a deep blue altar of Sif Muna.
 12872 | D:9      | Found a white marble altar of Elyvilon.
 12879 | D:9      | Found a sparkling altar of Nemelex Xobeh.
 12899 | D:9      | Found a stormy altar of Qazlal.
 13169 | D:9      | Reached skill level 15 in Maces & Flails
 13717 | D:10     | Entered Level 10 of the Dungeon
 13747 | D:10     | Acquired Dithmenos's third power
 13913 | D:10     | Reached XP level 11. HP: 84/86 MP: 13/13
 13967 | D:10     | Reached skill level 16 in Maces & Flails
 15517 | D:11     | Reached skill level 1 in Evocations
 15560 | D:11     | Noticed a hill giant
 15768 | D:11     | Killed a hill giant
 16326 | D:11     | Killed emiel's ghost
 17148 | D:11     | Killed an unseen horror
 17333 | D:11     | Noticed Gastronok
 17443 | D:11     | Killed Gastronok
 17638 | D:11     | Reached skill level 10 in Armour
 17978 | D:11     | Reached XP level 12. HP: 96/100 MP: 13/15
 18214 | D:11     | Acquired Dithmenos's fourth power
 19189 | D:12     | Found a staircase to the Orcish Mines.
 19405 | Orc:1    | Entered Level 1 of the Orcish Mines
 19570 | Orc:2    | Noticed Rupert
 19998 | Lair:2   | Noticed Nergalle
 20041 | Lair:2   | Killed Nergalle
 20985 | Lair:3   | Reached skill level 5 in Dodging
 22390 | Lair:4   | Reached skill level 5 in Stealth
 23544 | Lair:5   | Noticed an eight-headed hydra
 23553 | Lair:5   | Killed an eight-headed hydra
 23553 | Lair:5   | Reached XP level 13. HP: 89/111 MP: 12/16
 24095 | Lair:5   | Reached skill level 10 in Fighting
 24282 | Lair:6   | Found a frozen archway.
 24298 | IceCv    | Entered an ice cave
 24552 | IceCv    | Got a transparent morningstar
 24586 | Lair:6   | Identified the +4 morningstar of Contention {crush, rF+} (You found it in an ice cave)
 24762 | Lair:6   | Found a hole to the Spider Nest.
 24972 | Lair:6   | Found a staircase to the Shoals.
 25963 | Lair:7   | Reached skill level 1 in Invocations
 26057 | Lair:7   | Gained mutation: You can spit weak poison. [potion of beneficial mutation]
 26075 | Lair:7   | Identified a scroll of acquirement
 26733 | Lair:7   | Found a staircase to the Slime Pits.
 27445 | Lair:8   | Entered Level 8 of the Lair of Beasts
 27650 | Lair:8   | Reached skill level 5 in Invocations
 27785 | Lair:8   | Reached XP level 14. HP: 124/124 MP: 18/18
 28305 | Lair:8   | Noticed Nessos
 30990 | Lair:8   | Killed Nessos
 31289 | Lair:8   | Reached skill level 10 in Invocations
 31651 | Lair:8   | Got a steaming diamond amulet
 31653 | Lair:8   | Got a brightly glowing iron ring
 31655 | Lair:8   | Identified the amulet "Okhlioxo" {Stasis rC++} (You found it on level 8 of the Lair of Beasts)
 31657 | Lair:8   | Identified the ring of Teigg {rC+ AC+3} (You found it on level 8 of the Lair of Beasts)
 34536 | D:14     | Reached skill level 17 in Maces & Flails
 34655 | D:14     | Found a blossoming altar of Fedhas.
 34813 | D:14     | Found a gate to the Vaults.
 34846 | D:15     | Entered Level 15 of the Dungeon
 35265 | D:15     | Found an opulent altar of Gozag.
 35300 | D:15     | Reached XP level 15. HP: 117/130 MP: 19/22
 35526 | D:15     | Gained mutation: You have sharp toenails. [potion of beneficial mutation]
 35633 | D:15     | Got a heavily runed steel amulet
 35689 | D:15     | Identified the amulet "Paraq" {*Drain rElec rC++ Regen+} (You found it on level 15 of the Dungeon)
 36099 | D:15     | Found a staircase to the Depths.
 36177 | D:15     | Reached skill level 18 in Maces & Flails
 36193 | D:15     | Upgraded the game from 0.17-a0-1685-g57e755e to 0.17-a0-1691-g18a3847
 36330 | Orc:2    | Paralysed by Rupert for 2 turns
 36346 | Orc:2    | Killed Rupert
 36357 | Orc:1    | Found a roughly hewn altar of Beogh.
 36755 | Orc:1    | Found Dematt's Gadget Boutique.
 36968 | Orc:2    | Noticed Urug
 36984 | Orc:2    | Killed Urug
 37486 | Orc:3    | Noticed Harold
 37496 | Orc:3    | Killed Harold
 38295 | Orc:4    | Entered Level 4 of the Orcish Mines
 38998 | Orc:4    | Reached skill level 19 in Maces & Flails
 39181 | Orc:4    | Found a roughly hewn altar of Beogh.
 39426 | Orc:4    | Found Huxoreargh's General Store.
 39495 | Orc:4    | Found Kuqeiv's Antique Weapon Shoppe.
 39514 | Orc:4    | Found Cememif's Book Shoppe.
 39546 | Orc:4    | Bought a potion of curing for 42 gold pieces
 39546 | Orc:4    | Bought a scroll of teleportation for 42 gold pieces
 39546 | Orc:4    | Bought a potion of curing for 42 gold pieces
 39591 | Orc:4    | Noticed Saint Roka
 39633 | Orc:4    | Killed Saint Roka
 39663 | Orc:4    | Found Lyump's Antique Armour Shoppe.
 39966 | Orc:4    | Found a staircase to the Elven Halls.
 40369 | Spider:1 | Entered Level 1 of the Spider Nest
 40575 | Spider:1 | Reached skill level 20 in Maces & Flails
 40836 | Spider:1 | Noticed Roxanne
 41827 | Spider:1 | Reached XP level 16. HP: 81/141 MP: 23/23
 42237 | Spider:2 | Noticed Asterion
 42303 | Spider:2 | Noticed Arachne
 42360 | Spider:2 | Killed Arachne
 42364 | Spider:2 | Reached skill level 10 in Dodging
 42698 | Spider:2 | Noticed Aizul
 43186 | Spider:1 | Killed Roxanne
 43639 | Spider:2 | Killed Asterion
 43704 | Spider:2 | Identified a +0 rod of destruction (11/11) (You found it on level 2 of the Spider Nest)
 43806 | Spider:2 | Killed Aizul
 44748 | Spider:3 | Reached skill level 5 in Throwing
 45375 | Spider:4 | Entered Level 4 of the Spider Nest
 45915 | Spider:4 | Noticed Nikola
 45946 | Spider:4 | Killed Nikola
 45946 | Spider:4 | Reached XP level 17. HP: 106/152 MP: 24/24
 46520 | Spider:4 | Paralysed by a hornet for 4 turns
 46601 | Spider:4 | Paralysed by a hornet for 3 turns
 46742 | Spider:4 | Reached skill level 10 in Throwing
 47252 | Spider:4 | Got a gossamer rune of Zot
 48328 | Vaults:1 | Entered Level 1 of the Vaults
 48328 | Vaults:1 | Found a basalt altar of Yredelemnul.
 48340 | Vaults:1 | Noticed Norris
 48372 | Vaults:1 | Killed Norris
 49270 | Vaults:1 | Reached skill level 15 in Fighting
 49274 | Vaults:1 | Reached skill level 1 in Translocations
 49800 | Vaults:1 | Reached XP level 18. HP: 105/163 MP: 25/25
 50093 | Vaults:1 | Reached skill level 5 in Translocations
 50589 | Vaults:1 | Found Litiub's Gadget Shoppe.
 50597 | Vaults:1 | Bought a wand of teleportation (6) for 510 gold pieces
 51524 | Vaults:2 | Noticed Boris
 51549 | Vaults:2 | Killed Boris
 53776 | Vaults:3 | Reached skill level 10 in Translocations
 54572 | Vaults:3 | Reached XP level 19. HP: 163/170 MP: 26/26
 54641 | Vaults:3 | Found Mopaci's Assorted Antiques.
 54670 | Vaults:3 | Noticed Boris
 54700 | Vaults:3 | Killed Boris
 54794 | Vaults:3 | Bought a scroll labeled BIUDUR TEICO for 40 gold pieces
 54850 | Vaults:3 | Reached skill level 5 in Spellcasting
 55406 | Vaults:3 | Found a staircase to the Crypt.
 55406 | Vaults:3 | Found a basalt altar of Yredelemnul.
 55407 | Vaults:3 | Found an ancient bone altar of Kikubaaqudgha.
 55417 | Vaults:3 | Reached skill level 1 in Air Magic
 55773 | Vaults:4 | Reached skill level 1 in Charms
 56018 | Vaults:4 | Noticed Wiglaf
 56948 | Vaults:4 | Wiglaf (ally) was killed
 56952 | Vaults:4 | Killed Wiglaf
 57416 | Vaults:4 | Got an ancient turquoise ring
 57418 | Vaults:4 | Identified the ring of Elyvilon's Envy {rElec rPois rF+ Stlth+} (You found it on level 4 of the Vaults)
 57751 | Vaults:1 | Bought a wand of teleportation (6) for 510 gold pieces
 57751 | Vaults:1 | Upgraded the game from 0.17-a0-1691-g18a3847 to 0.17-a0-1718-g72dbe4d
 58160 | Shoals:1 | Entered Level 1 of the Shoals
 58222 | Shoals:1 | Found Cuolur's Armour Shop.
 58567 | Shoals:1 | Reached skill level 10 in Evocations
 59574 | Shoals:2 | Noticed Polyphemus
 59642 | Shoals:2 | Reached XP level 20. HP: 118/178 MP: 28/28
 60477 | Shoals:3 | Reached skill level 5 in Air Magic
 60797 | Shoals:4 | Entered Level 4 of the Shoals
 61058 | Shoals:4 | Noticed Ilsuiw
 61083 | Shoals:4 | Killed Ilsuiw
 61209 | Shoals:4 | Reached skill level 5 in Charms
 61471 | Shoals:4 | Got a fine plate armour
 61482 | Shoals:4 | Identified the cursed +1 plate armour of Fortitude {+Fly rC+} (You found it on level 4 of the Shoals)
 62241 | Shoals:4 | Got a barnacled rune of Zot
 62325 | Shoals:4 | Noticed Mara
 63074 | Depths:1 | Entered Level 1 of the Depths
 63876 | Depths:2 | Found a flickering gateway to a bazaar.
 63926 | Bazaar   | Entered a bazaar
 63926 | Bazaar   | Found Nafoip's Distillery.
 63926 | Bazaar   | Found Ciapel's Armour Shoppe.
 63926 | Bazaar   | Found Xamaupacs's Antique Weapon Emporium.
 63931 | Bazaar   | Found Kikaysa's Armour Shoppe.
 63945 | Bazaar   | Bought a potion of curing for 45 gold pieces
 63945 | Bazaar   | Bought a potion of haste for 150 gold pieces
 63945 | Bazaar   | Bought a potion of brilliance for 60 gold pieces
 63945 | Bazaar   | Bought a potion of might for 60 gold pieces
 63945 | Bazaar   | Bought a potion of might for 60 gold pieces
 63945 | Bazaar   | Bought a potion of curing for 45 gold pieces
 63945 | Bazaar   | Bought a potion of curing for 45 gold pieces
 63945 | Bazaar   | Bought a potion of curing for 45 gold pieces
 63954 | Bazaar   | Bought a +3 chain mail of fire resistance for 212 gold pieces
 65135 | Depths:1 | Found a gateway to Hell.
 65374 | Depths:1 | Reached XP level 21. HP: 144/184 MP: 29/29
 66455 | Depths:2 | Reached skill level 10 in Stealth
 66626 | Depths:2 | Got a heavily runed plate armour
 66637 | Depths:2 | Identified the cursed +0 plate armour of the Bulwark {+Fly} (You found it on level 2 of the Depths)
 66652 | Depths:2 | Identified a +9 rod of inaccuracy (10/10) (You found it on level 2 of the Depths)
 68205 | Depths:3 | Found a gateway to a ziggurat.
 68776 | Depths:3 | Got a transparent crystal plate armour
 68787 | Depths:3 | Identified the +12 crystal plate armour "Ficusch" {rC+ Dex+4} (You found it on level 3 of the Depths)
 69546 | Depths:3 | Got a smoking iron ring
 69589 | Depths:3 | Identified the ring "Zuhuh" {rF+ Stlth-} (You took it off a tengu reaver on level 3 of the Depths)
 69608 | Depths:3 | Found a one-way gate leading to the halls of Pandemonium.
 70010 | Depths:3 | Reached XP level 22. HP: 182/194 MP: 30/30
 70157 | Depths:4 | Found Pavakig's Antique Armour Emporium.
 70482 | Depths:4 | Found a one-way gate to the infinite horrors of the Abyss.
 71007 | Depths:4 | Learned a level 1 spell: Apportation
 71104 | Depths:5 | Entered Level 5 of the Depths
 72218 | Depths:5 | Found a gate to the Realm of Zot.
 73153 | Elf:1    | Entered Level 1 of the Elven Halls
 73159 | Elf:1    | Found Muisemus's One-of-a-Kind Books.
 74295 | Elf:2    | Found a huge runed gate.
 74297 | Elf:2    | Found a huge runed gate.
 74300 | Elf:2    | Found a huge runed gate.
 74914 | Elf:2    | Reached XP level 23. HP: 211/211 MP: 31/31
 75282 | Elf:3    | Entered Level 3 of the Elven Halls
 75424 | Elf:3    | Cast into the Abyss (a deep elf sorcerer)
 75458 | Abyss:3  | Found a corrupted altar of Lugonu.
 75459 | Abyss:3  | Found a corrupted altar of Lugonu.
 75564 | Abyss:3  | Paralysed by you for 2 turns
 75602 | Abyss:3  | Reached skill level 15 in Stealth
 75681 | Abyss:4  | Gained mutation: You are dopey. (Int -2) [a neqoxec]
 75682 | Abyss:4  | Gained mutation: You are weak. (Str -2) [a neqoxec]
 75687 | Elf:3    | Escaped the Abyss
 76982 | Elf:3    | Got a fine turquoise ring
 76984 | Elf:3    | Identified the ring of the Little Devil {Fire *Confuse rPois Dex+3 SInv} (You took it off a deep elf demonologist on level 3 of the Elven Halls)
 78021 | Elf:3    | Identified Famuson's Incunabulum of the Supportive Traveller
 78033 | Elf:3    | Identified the Volume of Stones and Combat Magic
 78037 | Elf:3    | Learned a level 2 spell: Stoneskin
 78486 | Crypt:1  | Entered Level 1 of the Crypt
 80537 | Crypt:2  | Noticed Mennas
 80539 | Crypt:3  | Entered Level 3 of the Crypt
 80612 | Crypt:3  | Reached skill level 15 in Armour
 80916 | Crypt:3  | Found an ancient bone altar of Kikubaaqudgha.
 81277 | Crypt:3  | Reached XP level 24. HP: 166/221 MP: 31/31
 81435 | Crypt:3  | Identified the Papyrus of Darkness
 81440 | Crypt:3  | Learned a level 3 spell: Regeneration
 81497 | Crypt:3  | Noticed Jory
 81553 | Crypt:3  | Killed Jory
 82123 | Crypt:3  | Identified the Grimoire of Changing
 82172 | Crypt:3  | Found a staircase to the Tomb.
 82384 | Crypt:2  | Cast into the Abyss (reaper)
 82386 | Abyss:1  | Found a corrupted altar of Lugonu.
 82604 | Abyss:1  | Found a corrupted altar of Lugonu.
 82665 | Abyss:1  | Found a corrupted altar of Lugonu.
 83691 | Abyss:1  | Paralysed by you for 4 turns
 84712 | Abyss:2  | Learned a level 6 spell: Haste
 84719 | Abyss:2  | Learned a level 6 spell: Deflect Missiles
 84893 | Abyss:2  | Found a corrupted altar of Lugonu.
 85451 | Abyss:3  | Paralysed by you for 6 turns
 85461 | Abyss:3  | Found a corrupted altar of Lugonu.
 85750 | Abyss:3  | Reached XP level 25. HP: 195/205 MP: 27/27
 86313 | Abyss:3  | Found a corrupted altar of Lugonu.
 87169 | Abyss:3  | Reached skill level 21 in Stealth
 87245 | Abyss:3  | Got an abyssal rune of Zot
 87355 | Abyss:3  | Gained mutation: You tend to lose your temper in combat. [a neqoxec]
 87389 | Abyss:3  | Noticed an ancient lich
 87597 | Abyss:4  | Found a corrupted altar of Lugonu.
 87813 | Crypt:2  | Escaped the Abyss
 88161 | Zig:1    | Entered Level 1 of a ziggurat
 88217 | Zig:2    | Entered Level 2 of a ziggurat
 88252 | Zig:2    | Reached XP level 26. HP: 236/236 MP: 31/31
 88253 | Zig:2    | Lost mutation: You can spit weak poison. [potion of cure mutation]
 88253 | Zig:2    | Lost mutation: You are dopey. (Int -2) [potion of cure mutation]
 88253 | Zig:2    | Lost mutation: You tend to lose your temper in combat. [potion of cure mutation]
 88253 | Zig:2    | Lost mutation: You have a pair of large horns on your head. [potion of cure mutation]
 88253 | Zig:2    | Lost mutation: You are weak. (Str -2) [potion of cure mutation]
 88253 | Zig:2    | Lost mutation: You have sharp toenails. [potion of cure mutation]
 88257 | Zig:3    | Entered Level 3 of a ziggurat
 88280 | Zig:3    | Reached skill level 22 in Stealth
 88330 | Zig:4    | Entered Level 4 of a ziggurat
 88424 | Zig:4    | Reached XP level 27. HP: 243/246 MP: 31/31
 88431 | Zig:5    | Entered Level 5 of a ziggurat
 88494 | Zig:6    | Entered Level 6 of a ziggurat
 88499 | Zig:6    | Noticed an ancient lich
 88732 | Zot:1    | Entered Level 1 of the Realm of Zot
 91531 | Zot:2    | Reached skill level 15 in Throwing
 92016 | Zot:3    | Got a pair of smoking gloves
 92017 | Zot:3    | Identified the +0 pair of gloves of the Guild-Master {Dex+3} (You found it on level 3 of the Realm of Zot)
 92740 | Zot:3    | Noticed an orb of fire
 92812 | Zot:3    | Killed an orb of fire
 93784 | Zot:4    | Identified Pagunn's Papyrus of the Entourage and Dark Arts (You found it on level 4 of the Realm of Zot)
 94903 | Zot:5    | Entered Level 5 of the Realm of Zot
 95948 | Depths:3 | Gained mutation: You are agile. (Dex +2) [potion of beneficial mutation]
 95959 | Depths:3 | Killed an ancient lich
 96609 | Zot:5    | Noticed an ancient lich
 96629 | Zot:5    | Killed an ancient lich
 96629 | Zot:5    | Reached skill level 15 in Dodging
 96727 | Zot:5    | Noticed an orb of fire
 96736 | Zot:5    | Killed an orb of fire
 97188 | Zot:5    | Noticed an ancient lich
 97196 | Zot:5    | Killed an ancient lich
 97215 | Zot:5    | Noticed an orb of fire
 97269 | Zot:5    | Killed an orb of fire
 97531 | Zot:5    | Noticed an orb of fire
 97545 | Zot:5    | Killed an orb of fire
 97621 | Zot:5    | Noticed an orb of fire
 97648 | Zot:5    | Killed an orb of fire
 98416 | Zot:5    | Got the Orb of Zot
 98448 | Zot:5    | Noticed Xiliso the pandemonium lord
 98449 | Zot:5    | Noticed an ancient lich
 98463 | Zot:5    | Noticed Natta the pandemonium lord
 98465 | Zot:5    | Killed an ancient lich
 98479 | Zot:5    | Killed Xiliso the pandemonium lord
 98941 | D:4      | Killed emiel's ghost
 99017 | D:$      | Escaped with the Orb!

Vault maps used:
D:1:      minmay_arrival_open_corners
D:2:      fedhas_altar_4, ecumenical_altar_1, uniq_natasha
D:4:      evilmike_ruin_ashenzari
D:5:      basic_altar, first_bread, hangedman_decor_opposing
D:6:      minmay_temple_entry_crystal_x
D:7:      lemuel_coloured_pillars_altar, grunt_ministairs_2
D:8:      minmay_lair_entry_lava, uniq_psyche
D:9:      amethyst_overflow_temple_binary, overflow_temple_1_default, tgw_sif
D:11:     uniq_gastronok
D:12:     orc_0_dummy
D:14:     david_vaults_4, hangedman_tree_tricks
D:15:     hangedman_depths_entry_try_elsewhere_first, minmay_misc_feat_alley,
          nicolae_gozag_cash_rules_everything_around_me
Lair:1:   dragon1_lemuel, minivault_23, lemuel_fruit_tree
Lair:2:   uniq_nergalle
Lair:4:   grunt_forest_small_clearing_treed
Lair:5:   eino_house_with_fridge, grunt_megastairs_2
Lair:6:   minmay_shoals_entry_hut, nicolae_spider_entry_non_spiders,
          portal_ice_cave_entry_pillars_01, zaba_anthole
Lair:7:   minmay_slime_entry_jelly_boxes, minivault_25
Lair:8:   due_jungle_book, grunt_megastairs_1, uniq_nessos
Shoals:1: serial_shops, nicolae_shop_window_shopping, kb_tengu_band
Shoals:2: cheibrodos_shoals_roost, uniq_polyphemus
Shoals:4: shoals_end_simple, shoals_ilsuiw_alternative, uniq_mara
Spider:1: spiders_nest_scorpion_pit, uniq_roxanne
Spider:2: guppyfry_spider_mini_2, uniq_asterion, uniq_aizul, uniq_arachne
Spider:4: guppyfry_spider_rune, nicolae_spider_nook, uniq_nikola
Orc:1:    minmay_goldmine, serial_shops, nicolae_shop_crystal, basic_altar
Orc:2:    nicolae_orc_rockfall, uniq_urug, uniq_rupert
Orc:3:    nicolae_orc_pool_cavern, uniq_harold
Orc:4:    grunt_orc_cross, uniq_saint_roka
Elf:1:    hangedman_elven_crosses_minicolossus, nicolae_rare_books
Elf:3:    minmay_elf_hall_x
Vaults:1: v_misc_29, v_misc_3, v_misc_10, nicolae_vaults_border_crossing,
          v_alt_pattern_1, v_misc_19, v_rooms_2, nicolae_vaults_asterisk,
          ontoclasm_vaults_shout, vaults_dpeg_diagonal, basic_altar,
          serial_shops, nicolae_shop_statue_plus, uniq_norris
Vaults:2: v_rooms_3, st_eye, vaults_mumra_minichess_inversion,
          grunt_vaults_funnel, ontoclasm_vaults_chip, hangedman_vaults_hat,
          nicolae_vaults_little_ls, nicolae_vaults_alarming, uniq_boris
Vaults:3: st_octagons_2, ontoclasm_vaults_ring_small, nicolae_vaults_theta,
          grunt_vaults_trifunnel, hangedman_vaults_corner,
          vaults_room_mumra_shop_pool, vaults_dpeg_ring,
          nicolae_vaults_gold_heap, minmay_crypt_entry_necro_gods, uniq_boris
Vaults:4: hangedman_vaults_stitches, v_alt_pattern_4, vaults_dpeg_cross,
          nicolae_vaults_big_ls, nicolae_vaults_little_squares_6,
          vaults_dpeg_encased_lava, dpeg_vaults_monster_row,
          ontoclasm_vaults_shuriken, nicolae_vaults_ring_of_whatevers,
          vaults_room_hallway, nicolae_vaults_diagonal_hallway_8,
          ontoclasm_vaults_pinch, vaults_room_stairs_pillars, uniq_wiglaf
Crypt:2:  glass_columns_a, uniq_mennas
Crypt:3:  grunt_crypt_end_deaths_head
Depths:1: hell_entry, minmay_misc_feat_doors, spider_trap,
          minmay_guarded_unrand_robustness, kennysheep_random_hallway
Depths:2: grunt_double_whammy, grunt_hell_horde, minmay_misc_feat_columns,
          serial_shops, bzr_entry_water
Depths:3: minmay_tri_box, enter_ziggurat_e, grunt_pan_entry_sceptre, hell_entry,
          nicolae_wwwww, corexii_hall_statues_t
Depths:4: nooodl_glass_maze, serial_shops, shop_coins, abyss_entry,
          grunt_hell_entry_dis_grunt, grunt_decor_one_mirror,
          infiniplex_staircase_pool_lava, basic_stair_grate_trap
Depths:5: evilmike_zot_entry_round, serial_bayou_ford_a, hangedman_coc_ice_floe,
          serial_bayou_shore_b
Zot:2:    kennysheep_six_static_rooms
Zot:3:    hangedman_zot_diagonal_lockstep
Zot:5:    st_stairs_11
Abyss:4:  evilmike_abyss_exit_12, grunt_abyss_rune_wretched_hive, minivault_25,
          bh_silent_lugonu_exit, evilmike_abyss_exit_13
Zig:5:    ziggurat_pillar_centre_c
Bazaar:   bazaar_general_marketplace
IceCv:    ice_cave_statue_garden_01

Action                   |  1- 3 |  4- 6 |  7- 9 | 10-12 | 13-15 | 16-18 | 19-21 | 22-24 | 25-27 || total
-------------------------+-------+-------+-------+-------+-------+-------+-------+-------+-------++-------
Melee: Unarmed           |    11 |       |       |       |       |       |       |       |       ||    11
       Short sword       |    19 |       |       |       |       |       |       |       |       ||    19
       Mace              |    26 |    98 |   107 |       |       |       |       |       |       ||   231
       Morningstar       |       |       |   252 |  1133 |   832 |       |       |       |       ||  2217
       Great mace        |       |       |       |       |   953 |  1808 |  2420 |  3172 |  1989 || 10342
 Fire: Blowgun           |    17 |    57 |    43 |   156 |   161 |   201 |       |       |       ||   635
Throw: Stone             |    17 |       |       |       |       |       |       |       |       ||    17
       Javelin           |       |       |       |       |       |     3 |     8 |       |    93 ||   104
       Throwing net      |       |       |       |       |       |       |     2 |     3 |    12 ||    17
 Cast: Magic Dart        |    58 |     6 |       |       |       |       |       |       |       ||    64
       Repel Missiles    |     1 |       |       |       |       |       |     5 |       |       ||     6
       Blink             |       |       |       |       |       |       |     9 |     1 |     3 ||    13
       Apportation       |       |       |       |       |       |       |       |     1 |     3 ||     4
Invok: Shadow Form       |       |       |       |       |       |     1 |       |     1 |     1 ||     3
 Abil: Evoke Invisibilit |       |       |       |       |     6 |    10 |     3 |       |       ||    19
       Turn Visible      |       |       |       |       |       |     4 |       |       |       ||     4
       Spit Poison       |       |       |       |       |       |     1 |       |       |       ||     1
       End Transformatio |       |       |       |       |       |     1 |       |     1 |       ||     2
Evoke: Wand              |       |       |     6 |    12 |     7 |    18 |    13 |     5 |    16 ||    77
       Fan of gales      |       |       |       |     1 |     3 |     2 |     1 |     2 |     2 ||    11
       Sack of spiders   |       |       |       |       |       |     1 |    16 |     1 |       ||    18
       Phantom mirror    |       |       |       |       |       |       |     1 |       |       ||     1
       Rod               |       |       |       |       |       |       |     3 |     6 |       ||     9
       Phial of floods   |       |       |       |       |       |       |       |     3 |     2 ||     5
       Deck              |       |       |       |       |       |       |       |     1 |       ||     1
  Use: Scroll            |     3 |     6 |     1 |    18 |    17 |    15 |    14 |    20 |    19 ||   113
       Potion            |       |       |     3 |     3 |     5 |     6 |       |     1 |     9 ||    27
 Stab: Sleeping          |     3 |     7 |       |       |       |       |       |       |       ||    10
       Confused          |       |       |     2 |       |       |       |       |       |       ||     2
       Invisible         |       |       |       |     1 |    22 |    44 |    19 |       |       ||    86
       Distracted        |       |       |       |       |     2 |       |     3 |     1 |     2 ||     8
       Held in net/web   |       |       |       |       |       |     4 |     2 |     5 |     7 ||    18
       Paralysed         |       |       |       |       |       |       |       |     1 |       ||     1
  Eat: Chunk             |     5 |     5 |    11 |    34 |    49 |    36 |    36 |    38 |    21 ||   235
       Pizza             |     1 |       |       |       |       |       |       |       |       ||     1
       Meat ration       |       |     1 |       |     2 |     1 |     1 |     8 |     2 |     3 ||    18
       Fruit             |       |       |     1 |     3 |    14 |    28 |       |       |       ||    46
       Royal jelly       |       |       |     1 |     1 |     2 |       |     1 |     1 |       ||     6
       Beef jerky        |       |       |       |     1 |       |       |       |       |       ||     1
       Bread ration      |       |       |       |       |       |       |       |     7 |    16 ||    23
